 Dungeon Crawl Stone Soup version 0.26-b1-32-g5d43845318 (webtiles) character file.

Game seed: 2859207236724528363

2959 Sekiam the Grappler (level 9, -7/83 HPs)
             Began as a Troll Fighter on Jan 10, 2021.
             Was a Priest of the Shining One.
             Mangled by a 14-headed hydra (8 damage)
             ... on level 7 of the Dungeon.
             The game lasted 00:25:17 (6490 turns).

Sekiam the Grappler (Troll Fighter)                 Turns: 6490, Time: 00:25:18

Health: -7/83      AC: 13    Str: 29    XL:     9   Next: 52%
Magic:  5/8        EV: 11    Int:  4    God:    the Shining One [***...]
Gold:   214        SH: 22    Dex: 15    Spells: 8/8 levels left

rFire    . . .     SeeInvis .     - Unarmed
rCold    . . .     Faith    +   b - +5 kite shield
rNeg     + . .     Spirit   .   E - +0 robe
rPois    .         Reflect  .   (helmet restricted)
rElec    .         Harm     .   v - +2 cloak {rCorr}
rCorr    +         Rampage  .   (gloves unavailable)
Will     .....                  (boots unavailable)
Stlth    +.........             i - amulet of faith
HPRegen  0.63/turn              D - +4 ring of protection
MPRegen  0.11/turn              x - +6 ring of dexterity

@: divine shield, about to teleport, glowing
A: large, unfitting armour, claws 3, regeneration 1, shaggy fur 1, tough skin 3
a: Renounce Religion, Divine Shield


You were on level 7 of the Dungeon.
You worshipped the Shining One.
The Shining One was most pleased with you.
You visited 1 branch of the dungeon, and saw 8 of its levels.
You also visited: Sewer.

You collected 522 gold pieces.
You spent 308 gold pieces at shops.

Inventory:

Armour
 a - a +0 robe
 b - a +5 kite shield (worn)
 q - a cursed -2 ring mail
 r - a +0 helmet
 v - a +2 cloak of preservation (worn)
 B - a cursed +0 plate armour
 E - a +0 robe (worn)
Jewellery
 i - an amulet of faith (around neck)
 o - an uncursed ring of resist corrosion
 x - a +6 ring of dexterity (right claw)
 A - a cursed amulet of inaccuracy
 D - a +4 ring of protection (left claw)
Wands
 t - a wand of polymorph (8)
 y - a wand of iceblast (6)
Scrolls
 d - 3 scrolls of teleportation
 e - 2 scrolls of amnesia
 g - 4 scrolls of identify
 h - 5 scrolls of remove curse
 j - 3 scrolls of fear
 l - 2 scrolls of noise
 m - a scroll of random uselessness
 s - 3 scrolls of enchant weapon
 z - a scroll of holy word {unknown}
Potions
 c - 3 potions of might
 f - a potion of attraction
 n - 5 potions of curing
 p - 2 potions of invisibility
 u - a potion of haste
 w - a potion of heal wounds
 C - a potion of resistance {unknown}


   Skills:
 + Level 3.2 Fighting
 + Level 4.9 Dodging
 + Level 0.9 Stealth
 + Level 5.7 Shields
 + Level 10.0 Unarmed Combat
 + Level 1.1 Invocations


You had 8 spell levels left.
You didn't know any spells.
Your spell library contained the following spells:

 Spells                   Type           Power        Failure   Level
 Foxfire                  Conj/Fire      0%           75%         1
 Conjure Flame            Conj/Fire      0%           98%         3
 Inner Flame              Hex/Fire       0%           98%         3
 Sticky Flame             Conj/Fire      0%           100%        4
 Fireball                 Conj/Fire      0%           100%        5


Dungeon Overview and Level Annotations

Branches:
Dungeon (8/15)             Temple (0/1) D:5           Sewer (visited)
   Lair: D:8-11

Altars:
Trog
The Shining One

Shops:
D:5 :?!


Innate Abilities, Weirdness & Mutations

You are too large for most types of armour.
You have claws for hands.
Your natural rate of healing is unusually fast.
You are covered in fur. (AC +1)
You have extremely tough skin. (AC +3)


Message History

The 14-headed hydra bites you but does no damage.
The 14-headed hydra bites you. You block the 14-headed hydra's attack.
The 14-headed hydra barely misses you. The 14-headed hydra closely misses you.
You block the 14-headed hydra's attack. The 14-headed hydra bites you!
* * * LOW HITPOINT WARNING * * *
You block the 14-headed hydra's attack.
The 14-headed hydra bites you but does no damage. x2
You block the 14-headed hydra's attack.
As you read the scroll of teleportation, it crumbles to dust.
You feel strangely unstable.
You block the 14-headed hydra's attack. x2
The 14-headed hydra bites you.
* * * LOW HITPOINT WARNING * * *
The 14-headed hydra misses you. You block the 14-headed hydra's attack.
The 14-headed hydra bites you!
* * * LOW HITPOINT WARNING * * *
The 14-headed hydra barely misses you. x2; The 14-headed hydra bites you!
* * * LOW HITPOINT WARNING * * *
The 14-headed hydra bites you but does no damage.
The 14-headed hydra bites you!
You die...

....[
##(#.#♣♣♣♣............#.#<#
.♣♣♣♣ #.S#.#
♣♣..#..#######.#.#.# ...
#F.#.#♣♣...#..# #.....<.#.#
♣♣♣♣ ##(##D#♣..♣.#..#
#.....#.#.#
#.S.S.#..♣♣.#..#
#########.#
#.♣♣♣.#.♣♣.♣#D.# #.#
#.....#♣♣.♣♣#..# ###.#
##################..# #....
................@D..#######
#.###
...........###............#
#.# #########..#
#.##.........# #.# ##.#
#.##.........# #.# #.#
#.##........(# #.# #.#
#.##.........# #.# #..
#.##.........# #.###
##.##÷##.........# #...#
###..#.##.........# ###.#


You could see a 14-headed hydra.

Vanquished Creatures
  A cyclops (D:7)
  Eustachio (D:6)
  An orc warrior (D:7)
  A sky beast (D:7)
  A phantom (D:4)
  4 ogres
  2 necrophages
  3 bullfrogs
  A gnoll sergeant (D:6)
  A wyvern skeleton (D:7)
  A scorpion (D:4)
  A wight (D:7)
  A howler monkey (D:6)
  A bullfrog zombie (D:6)
  A jelly (D:7)
  6 hounds
  4 orc priests
  2 orc wizards
  Crazy Yiuf (D:5)
  3 worker ants
  2 iguanas (D:7)
  Ijyb (D:5)
  2 hound zombies
  2 hound skeletons
  9 gnolls (D:6)
  2 howler monkey skeletons
  17 adders
  A river rat (D:5)
  A shadow imp (D:4)
  2 white imps
  An ufetubus (D:7)
  An ooze (D:1)
  2 adder skeletons (D:7)
  An adder zombie (D:3)
  2 worms
  11 dart slugs
  6 leopard geckos
  33 orcs
  5 ball pythons
  7 giant cockroaches
  4 goblins
  9 hobgoblins
  21 jackals
  4 quokkas
  9 bats
  9 frilled lizards
  A jackal skeleton (D:3)
  A jackal zombie (D:3)
  16 kobolds
  A leopard gecko skeleton (D:6)
  A quokka skeleton (D:3)
  9 rats
230 creatures vanquished.

Vanquished Creatures (others)
  8 plants (Sewer)
  10 withered plants (D:3)
18 creatures vanquished.

Grand Total: 248 creatures vanquished

Notes
Turn   | Place    | Note
-------+----------+-------------------------------------------
     0 | D:1      | Sekiam the Troll Fighter began the quest for the Orb.
     0 | D:1      | Reached XP level 1. HP: 22/22 MP: 0/0
    95 | D:1      | Reached XP level 2. HP: 29/29 MP: 1/1
   417 | D:1      | Reached XP level 3. HP: 32/36 MP: 2/2
   897 | D:1      | Found a glowing golden altar of the Shining One.
  1055 | D:1      | Became a worshipper of the Shining One
  1538 | D:2      | Reached XP level 4. HP: 38/44 MP: 3/3
  1828 | D:3      | Reached skill level 3 in Unarmed Combat
  2033 | D:3      | Reached XP level 5. HP: 47/50 MP: 4/4
  2096 | D:3      | Reached skill level 4 in Unarmed Combat
  2179 | D:3      | Reached * piety under the Shining One
  2227 | D:3      | Reached XP level 6. HP: 48/59 MP: 5/5
  2716 | D:4      | Found a bloodstained altar of Trog.
  2872 | D:4      | Reached skill level 5 in Unarmed Combat
  2934 | D:4      | Reached XP level 7. HP: 65/66 MP: 6/6
  3068 | D:4      | Reached ** piety under the Shining One
  3310 | D:5      | Entered Level 5 of the Dungeon
  3310 | D:5      | Found Ziloa's Distillery.
  3310 | D:5      | Found a staircase to the Ecumenical Temple.
  3310 | D:5      | Found a glowing drain.
  3325 | Sewer    | Entered a sewer
  3352 | Sewer    | Reached skill level 6 in Unarmed Combat
  3952 | D:5      | HP: 3/66 [adder (1)]
  3959 | D:5      | HP: 3/66 [poisoned by an adder]
  4159 | D:5      | Bought a potion of might for 56 gold pieces
  4159 | D:5      | Bought a potion of heal wounds for 70 gold pieces
  4159 | D:5      | Bought a potion of heal wounds for 70 gold pieces
  4159 | D:5      | Bought a potion of invisibility for 112 gold pieces
  4268 | D:5      | Found Odyafa Ofiel's Magic Scroll Shoppe.
  4293 | D:5      | Found Uliqint's Book Boutique.
  4454 | D:5      | Noticed Ijyb
  4462 | D:5      | Killed Ijyb
  4705 | D:5      | Found a runed translucent door.
  4706 | D:5      | Noticed Crazy Yiuf
  4716 | D:5      | Killed Crazy Yiuf
  4717 | D:5      | Reached XP level 8. HP: 75/75 MP: 7/7
  4838 | D:6      | Identified the +0 plate armour of Iro Imie {Str+5 Int+3}
  4844 | D:6      | Reached skill level 7 in Unarmed Combat
  4981 | D:6      | Noticed Eustachio
  4981 | D:6      | Reached *** piety under the Shining One
  4989 | D:6      | Killed Eustachio
  5095 | D:6      | Reached skill level 5 in Shields
  5095 | D:6      | Reached skill level 8 in Unarmed Combat
  5214 | D:6      | Reached skill level 1 in Invocations
  5612 | D:7      | Reached skill level 9 in Unarmed Combat
  5612 | D:7      | Reached XP level 9. HP: 34/81 MP: 8/8
  5787 | D:7      | Noticed a cyclops
  5804 | D:7      | HP: 1/81 [cyclops/large rock (38)]
  6078 | D:7      | Killed a cyclops
  6258 | D:7      | Reached skill level 10 in Unarmed Combat
  6332 | D:7      | Noticed an eight-headed hydra
  6490 | D:7      | HP: 1/83 [14-headed hydra (7)]
  6490 | D:7      | Mangled by a 14-headed hydra

Illustrated notes

Levels and vault maps discovered:
D:1:      wheals_arrival_shading, layout_loops_corners, tso_altar
D:2:      layout_loops_ring
D:3:      kennysheep_slugbush, layout_basic, serial_undead, serial_undead_e,
          serial_undead_d, serial_undead_e, serial_undead_c, serial_undead_b,
          minmay_statues_item, minivault_25, due_unseen_surprise
D:4:      layout_gridville, old_standard_altar, kennysheep_small_spiral
D:5:      layout_cave_pools, minmay_temple_entry_drinking_statues, serial_shops,
          shop, shop, shop_scrolls, portal_sewer_entry_a,
          uniq_crazy_yiuf_cottage, uniq_ijyb
D:6:      layout_loops_ring, uniq_eustachio
D:7:      nzn_winding_woodlands_small [nzn_winding_woodlands_5x15_pockets,
          nzn_winding_woodlands_center_lodge,
          nzn_winding_woodlands_5x15_sidewinder], layout_basic
D:8:      layout_loops_ring

Skill      XL: |  1  2  3  4  5  6  7  8  9 |
---------------+----------------------------+-----
Shields        | 3 4 5 |  5.7
Dodging        | 3 4 |  4.9
Unarmed Combat | 3 4 5 6 9 10 | 10.0
Fighting       | 3 |  3.2
Invocations    | 1 |  1.1
Stealth        | |  0.9

Action                   |  1- 3 |  4- 6 |  7- 9 || total
-------------------------+-------+-------+-------++-------
Melee: Unarmed           |   133 |   155 |   314 ||   602
Invok: Divine Shield     |       |       |     4 ||     4
  Use: Scroll            |       |       |    19 ||    19
       Potion            |       |       |     9 ||     9
Armor: Robe              |    55 |    48 |   109 ||   212
Dodge: Dodged            |    52 |    47 |   117 ||   216
Block: Kite shield       |    60 |    78 |   231 ||   369
